 Dungeon Crawl Stone Soup version 0.24-a0-479-g9a978d2894 (webtiles) character file.

Game seed: 4246855719870172678

7460 deorigin the Carver (level 10, -1/76 HPs)
             Began as a Demonspawn Gladiator on July 5, 2019.
             Was a Believer of Wu Jian.
             Slain by a wyvern (14 damage)
             ... on level 10 of the Dungeon on July 8, 2019.
             The game lasted 00:52:43 (12562 turns).

deorigin the Carver (Demonspawn Gladiator)         Turns: 12562, Time: 00:52:43

Health: -1/76      AC: 12    Str: 21    XL:     10   Next: 94%
Magic:  10/10      EV: 18    Int:  9    God:    Wu Jian [**....]
Gold:   190        SH:  0    Dex: 16    Spells: 9/9 levels left

rFire    . . .     SeeInvis .   B - +2 falchion (freeze)
rCold    . . .     Gourm    .   (no shield)
rNeg     . . .     Faith    .   g - +4 scale mail
rPois    .         Spirit   .   (helmet restricted)
rElec    .         Reflect  .   (no cloak)
rCorr    .         Harm     .   (no gloves)
MR       .....                  Z - +0 pair of boots
Stlth    +++.......             (no amulet)
HPRegen  0.22/turn              H - +4 ring of evasion
MPRegen  0.12/turn              I - +4 ring of strength

@: no status effects
A: antennae 2, nightstalker 2, powered by death 2
a: Wall Jump, Renounce Religion


You were on level 10 of the Dungeon.
You worshipped Wu Jian.
Wu Jian was pleased with you.
You were not hungry.

You visited 2 branches of the dungeon, and saw 11 of its levels.
You also visited: Ossuary.

You collected 498 gold pieces.
You spent 308 gold pieces at shops.

Inventory:

Hand Weapons
 c - a +0 falchion of electrocution
 d - a +0 rapier
 e - a +0 hunting sling
 j - a +2 short sword of speed
 m - a +0 dagger
 o - a +0 dagger
 B - a +2 falchion of freezing (weapon)
 T - a +0 scimitar
 X - a +1 dagger of venom
Missiles
 k - 129 bolts
 u - 58 poisoned darts (quivered)
 y - 78 sling bullets
 G - 10 javelins
 P - 5 boomerangs
Armour
 b - a +0 leather armour
 g - a +4 scale mail (worn)
 E - a +0 shield
 Y - the cursed +1 ring mail of Fun and Games {rF+ Str+3, unknown}
   (You found it on level 9 of the Dungeon)

   It affects your strength (+3).
   It protects you from fire.
   It has a curse placed upon it.
 Z - a +0 pair of boots (worn)
Jewellery
 H - a +4 ring of evasion (left hand)
 I - a +4 ring of strength (right hand)
Wands
 n - a wand of acid (10)
 D - a wand of digging (4)
 F - a wand of random effects (19)
 J - a wand of iceblast (10)
 K - a wand of disintegration (30)
 L - a wand of enslavement (7)
 N - a wand of flame (9)
Scrolls
 i - 5 scrolls of immolation
 r - a scroll of fog {unknown}
 t - a scroll of fear
 v - 6 scrolls of remove curse
 x - 2 scrolls of amnesia
 A - 3 scrolls of enchant weapon
 C - 2 scrolls of magic mapping
 Q - 2 scrolls of identify
 S - 5 scrolls of teleportation
 W - 2 scrolls of enchant armour {unknown}
Potions
 h - 2 potions of ambrosia
 l - 3 potions of mutation
 p - 2 potions of curing
 q - a potion of heal wounds
 s - a potion of resistance
 w - a potion of magic
 z - 4 potions of flight
 M - 2 potions of lignification
 O - 2 potions of berserk rage
 R - a potion of agility
 V - a potion of might
Miscellaneous
 U - a lightning rod (4/4)
Comestibles
 a - 4 chunks of flesh
 f - 23 rations


   Skills:
 - Level 6.0 Fighting
 - Level 11.1 Long Blades
 - Level 1.7 Throwing
 + Level 6.1 Armour
 - Level 6.6 Dodging
 - Level 4.5 Stealth


You had 9 spell levels left.
You didn't know any spells.
Your spell library contained the following spells:

 Spells                   Type           Power        Failure   Level  Hunger
 Sting                    Conj/Pois      #...         71%         1    ##.....
 Poisonous Vapours        Pois/Air       #.....       83%         2    ###....
 Mephitic Cloud           Conj/Pois/Air  #.......     97%         3    ####...
 Olgreb's Toxic Radiance  Pois           #.......     100%        4    #####..
 Venom Bolt               Conj/Pois      #.........   100%        5    ######.


Dungeon Overview and Level Annotations

Branches:
Dungeon (10/15)            Temple (1/1) D:5            Lair (0/6) D:8
    Orc (0/2) D:9

Altars:
Ashenzari
Cheibriados
Dithmenos
Elyvilon
Fedhas
Gozag
Hepliaklqana
Kikubaaqudgha
Makhleb
Nemelex Xobeh
Okawaru
Qazlal
Ru
Sif Muna
Trog
Uskayaw
Vehumet
Wu Jian
Xom
Yredelemnul
Zin
The Shining One

Shops:
D:7 ?=((*

Annotations:
D:3 1 runed translucent door, Crazy Yiuf
D:5 Pikel
D:8 3 runed translucent doors, exclusion: 3 doors, Yorgos's ghost, novice DsFi


Innate Abilities, Weirdness & Mutations

You have a pair of antennae on your head.
You are significantly more attuned to the shadows.
You regenerate health from kills.


Message History

You feel sick. The wyvern misses you.
You riposte.
You hit the wyvern. You freeze the wyvern.
The wyvern is heavily wounded.
You barely miss the wyvern.
The wyvern is heavily wounded.
The wyvern bites you! The wyvern closely misses you.
You hit the wyvern. You freeze the wyvern.
The wyvern is severely wounded.
You feel sick. The wyvern bites you!
* * * LOW HITPOINT WARNING * * *
You hit the wyvern. You freeze the wyvern.
The wyvern is almost dead.
The wyvern barely misses you.
You feel sick.
Unknown command.
The wyvern bites you.
* * * LOW HITPOINT WARNING * * *
Unknown command.
You feel better. The wyvern bites you!
You die...

.........##
.........#
.........#######
#...............#
#...............#
#######.........#
#.........###
#............
#.@l.†.......
#...........)
#............
#######......
#...... #......
#...... .....


You could see a wyvern.

Vanquished Creatures
  Erolcha (D:9)
  Joseph (D:9)
  Psyche (D:9)
  2 hippogriffs (D:9)
  2 wyverns
  Eustachio (D:3)
  4 yaks
  A hungry ghost (D:8)
  3 slaves
  A water moccasin (D:8)
  3 orc warriors
  5 ice beasts
  3 phantoms
  A sky beast (D:8)
  An eye of draining (D:9)
  4 ogres
  3 centaurs
  A big kobold (D:9)
  6 bullfrogs
  A wyvern skeleton (D:9)
  2 scorpions
  5 killer bees (D:9)
  3 wights (D:6)
  5 howler monkeys
  2 crimson imps
  A centaur zombie (D:5)
  8 hounds
  2 bullfrog skeletons (D:4)
  A bullfrog zombie (D:6)
  A centaur skeleton (D:7)
  4 orc priests
  A human zombie (Ossuary)
  5 jellies
  12 orc wizards
  An iguana (D:7)
  8 worker ants
  A big kobold zombie (Ossuary)
  A hound skeleton (D:5)
  4 mummies (Ossuary)
  10 gnolls
  5 adders
  A shadow imp (D:8)
  8 oozes
  4 adder zombies
  2 worms (D:4)
  4 dart slugs
  5 leopard geckos
  35 orcs
  A ball python (D:3)
  4 bats
  8 giant cockroaches
  6 goblins
  9 hobgoblins
  18 jackals
  3 quokkas
  9 frilled lizards
  A goblin zombie (Ossuary)
  4 hobgoblin zombies (Ossuary)
  A jackal skeleton (D:5)
  9 kobolds
  2 leopard gecko skeletons
  An orc zombie (Ossuary)
  4 rats
266 creatures vanquished.

Vanquished Creatures (others)
  5 plants (D:8)
5 creatures vanquished.

Grand Total: 271 creatures vanquished

Notes
Turn   | Place    | Note
-------+----------+-------------------------------------------
     0 | D:1      | deorigin the Demonspawn Gladiator began the quest for the
                  | Orb.
     0 | D:1      | Reached XP level 1. HP: 16/16 MP: 1/1
    84 | D:1      | Reached skill level 3 in Long Blades
   205 | D:1      | Gained mutation: You are slightly more attuned to the
                  | shadows. [demonic ancestry]
   205 | D:1      | Reached XP level 2. HP: 21/22 MP: 2/2
   762 | D:2      | Gained mutation: You regenerate a little health from kills.
                  | [demonic ancestry]
   762 | D:2      | Reached XP level 3. HP: 27/27 MP: 3/3
   794 | D:2      | Reached skill level 4 in Long Blades
  1040 | D:2      | Found a faded altar of an unknown god.
  1355 | D:3      | Gained mutation: You have a pair of small antennae on your
                  | head. [demonic ancestry]
  1355 | D:3      | Reached XP level 4. HP: 14/33 MP: 4/4
  1605 | D:3      | Found a runed translucent door.
  1606 | D:3      | Noticed Crazy Yiuf
  1753 | D:3      | Reached skill level 5 in Long Blades
  2386 | D:3      | Gained mutation: You regenerate health from kills. [demonic
                  | ancestry]
  2386 | D:3      | Reached XP level 5. HP: 37/38 MP: 5/5
  2784 | D:4      | Reached skill level 6 in Long Blades
  3118 | D:4      | Reached XP level 6. HP: 35/44 MP: 6/6
  3319 | D:4      | Reached skill level 7 in Long Blades
  3682 | D:4      | Reached skill level 1 in Armour
  3914 | D:4      | Gained mutation: You have a pair of antennae on your head.
                  | [demonic ancestry]
  3914 | D:4      | Reached XP level 7. HP: 50/50 MP: 7/7
  4077 | D:5      | Entered Level 5 of the Dungeon
  4134 | D:5      | Noticed Eustachio
  4946 | D:5      | Found a staircase to the Ecumenical Temple.
  4956 | Temple   | Entered the Ecumenical Temple
  5138 | D:5      | Noticed Pikel
  5712 | D:5      | Found a shadowy altar of Dithmenos.
  5835 | D:5      | Found an opulent altar of Gozag.
  5844 | D:5      | Reached XP level 8. HP: 52/58 MP: 8/8
  5964 | D:5      | Found a burning altar of Makhleb.
  5964 | D:5      | Noticed a blizzard demon
  5968 | D:5      | Found a glowing silver altar of Zin.
  5969 | D:5      | Noticed an angel
  5971 | D:5      | Upgraded the game from 0.24-a0-475-g5b41c6f198 to
                  | 0.24-a0-479-g9a978d2894
  6003 | D:5      | Paralysed by Pikel for 3 turns
  6014 | D:5      | Paralysed by Pikel for 4 turns
  6053 | D:3      | Killed Eustachio
  6816 | D:6      | Reached skill level 8 in Long Blades
  7178 | D:6      | Found a faded altar of an unknown god.
  7186 | D:6      | Found an opulent altar of Gozag.
  7188 | D:6      | Found a stormy altar of Qazlal.
  7190 | D:6      | Found an ornate altar of the Wu Jian Council.
  7193 | D:6      | Found a hide-covered altar of Uskayaw.
  7196 | D:6      | Became a worshipper of the Wu Jian Council
  7373 | D:7      | Found Xes Aveff's Antique Weapon Shop.
  7376 | D:7      | Bought a runed falchion for 156 gold pieces
  7474 | D:7      | Reached skill level 9 in Long Blades
  7600 | D:7      | Found Taryrion's Weapon Boutique.
  7659 | D:7      | Gained mutation: You are significantly more attuned to the
                  | shadows. [demonic ancestry]
  7659 | D:7      | Reached XP level 9. HP: 65/65 MP: 9/9
  7733 | D:7      | Found Tepeguf's Jewellery Emporium.
  7824 | D:7      | Found Gugemnon's Assorted Antiques.
  7830 | D:7      | Bought a scroll of identify for 38 gold pieces
  8142 | D:7      | Found Ciuzubay's Magic Scroll Emporium.
  8176 | D:7      | Reached * piety under Wu Jian
  8190 | D:7      | Bought a scroll of identify for 24 gold pieces
  8191 | D:7      | Bought a scroll of enchant weapon for 90 gold pieces
  8410 | D:5      | Paralysed by Pikel for 6 turns
  8414 | D:5      | HP: 3/65 [Pikel/+0 whip of electrocution (17)]
  8415 | D:5      | HP: 1/65 [slave[Pikel] (2)]
  8752 | D:8      | Found a sand-covered staircase.
  8759 | Ossuary  | Entered an ossuary
  9120 | D:8      | Found a runed translucent gate.
  9121 | D:8      | Found a runed translucent gate.
  9121 | D:8      | Noticed an 11-headed hydra
  9121 | D:8      | Noticed a ten-headed hydra
  9122 | D:8      | Found a runed translucent gate.
  9122 | D:8      | Noticed Yorgos's ghost (novice DsFi)
  9370 | D:8      | Reached skill level 10 in Long Blades
  9684 | D:8      | Found a staircase to the Lair.
  9980 | D:8      | Reached skill level 5 in Fighting
 10247 | D:9      | Reached XP level 10. HP: 68/74 MP: 10/10
 10438 | D:9      | Reached ** piety under Wu Jian
 10572 | D:9      | Reached skill level 11 in Long Blades
 10928 | D:9      | Noticed Erolcha
 11514 | D:9      | Found a staircase to the Orcish Mines.
 11585 | D:9      | Noticed Psyche
 11592 | D:9      | Killed Psyche
 11592 | D:9      | Reached skill level 5 in Dodging
 11729 | D:9      | Reached skill level 5 in Armour
 11753 | D:9      | Identified the +2 ring mail "Cupsagiff" {rElec Int+5 Dex+4}
 11765 | D:9      | Got a polished ring mail
 11814 | D:9      | Noticed Joseph
 11841 | D:9      | Killed Joseph
 12024 | D:9      | Killed Erolcha
 12410 | D:10     | Entered Level 10 of the Dungeon
 12562 | D:10     | Slain by a wyvern

Levels and vault maps discovered:
D:1:      grunt_arrival_crossed_arrows, layout_basic, hangedman_decor_riveting,
          minmay_pentomino_s2
D:2:      layout_rooms, chequers_ecumenical_altar_island
D:3:      layout_loops_ring, first_ration, uniq_crazy_yiuf_cottage
D:4:      minmay_door_path, layout_cave_pods
D:5:      layout_cave_pools, grunt_temple_overflow_order_and_chaos_2,
          minmay_temple_entry_proselytizer, basic_altar,
          chequers_serial_rivers_micro_b, nicolae_dithmenos_shadow_blocks,
          uniq_eustachio, uniq_pikel
D:6:      layout_loops_ring, chequers_temple_overflow_minitemple
D:7:      layout_basic, serial_shops, shop_coins, shop, nicolae_shop_trees,
          nicolae_shop_crystal, shop, serial_corexii_hall,
          corexii_hall_statues_deadend, corexii_hall_statues_u,
          chequers_hall_statues_corner_a, corexii_hall_statues_l
D:8:      layout_loops_ring, lair_entry_dummy, gammafunk_ghost_hydra_chop,
          chequers_ossuary_entry_cave
D:9:      layout_irregular_city, erik_orc_3, hangedman_little_slice_of_home,
          amethyst_killhole, uniq_joseph, uniq_psyche, uniq_erolcha
D:10:     layout_basic, serial_shops, nicolae_shop_statue_plus
Temple:   eino_temple_rhombus

Skill      XL: |  1  2  3  4  5  6  7  8  9 10 |
---------------+-------------------------------+-----
Long Blades    | 3 4 5 6 7 9 10 11 | 11.1
Armour         | 1 4 6 |  6.1
Dodging        | 3 4 6 |  6.6
Fighting       | 3 5 6 |  6.0
Stealth        | 3 4 |  4.5
Throwing       | |  1.7

Action                   |  1- 3 |  4- 6 |  7- 9 | 10-12 || total
-------------------------+-------+-------+-------+-------++-------
Melee: Long sword        |   130 |   211 |   519 |    53 ||   913
       Falchion          |       |       |   137 |   129 ||   266
       Dagger            |       |       |     1 |    81 ||    82
       Scimitar          |       |       |       |    27 ||    27
       Short sword       |       |       |       |    12 ||    12
 Fire: Hunting sling     |       |     2 |     9 |       ||    11
Throw: Dart              |     1 |     8 |     9 |     8 ||    26
       Throwing net      |       |     2 |     2 |     1 ||     5
       Stone             |       |       |     1 |       ||     1
       Javelin           |       |       |     2 |       ||     2
Invok: Lunge             |       |       |    25 |    16 ||    41
       Whirlwind         |       |       |     1 |    18 ||    19
  Use: Potion            |       |     1 |     5 |     1 ||     7
       Scroll            |       |     4 |    15 |     2 ||    21
 Stab: Sleeping          |       |     1 |     8 |    12 ||    21
       Held in net/web   |       |       |     2 |     3 ||     5
  Eat: Chunk             |     2 |     8 |    16 |     7 ||    33
       Ration            |       |       |     2 |       ||     2
Armor: Leather armour    |     9 |       |       |       ||     9
       Scale mail        |    72 |   105 |   211 |    67 ||   455
Dodge: Dodged            |   100 |    99 |   420 |   162 ||   781
       Rpst.: Long sword |    25 |    24 |   102 |     9 ||   160
       Falchion          |       |       |    22 |    13 ||    35
       Scimitar          |       |       |       |     3 ||     3

Table legend:
 A = Non-vault XP
 B = Vault XP
 C = Vault XP percentage of total XP
 D = Non-vault monster count
 E = Vault monster count
 F = Vault count percentage of total count
                 A         B        C        D         E       F
            +---------+---------+-------+---------+---------+-------
      Total |    7599 |    3059 |  28.7 |     219 |      44 |  16.7
            +---------+---------+-------+---------+---------+-------
        D:1 |      40 |       2 |   4.8 |      19 |       2 |   9.5
        D:2 |      50 |       0 |   0.0 |      21 |       0 |   0.0
        D:3 |     166 |     197 |  54.3 |      27 |       1 |   3.6
        D:4 |     468 |      56 |  10.7 |      21 |       2 |   8.7
        D:5 |     626 |      41 |   6.1 |      19 |       1 |   5.0
        D:6 |     829 |       0 |   0.0 |      30 |       0 |   0.0
        D:7 |     732 |       0 |   0.0 |      24 |       0 |   0.0
        D:8 |    1928 |     142 |   6.9 |      21 |       1 |   4.5
        D:9 |    2533 |    2480 |  49.5 |      32 |      25 |  43.9
       D:10 |     227 |       0 |   0.0 |       5 |       0 |   0.0
    Ossuary |       0 |     141 | 100.0 |       0 |      12 | 100.0
            +---------+---------+-------+---------+---------+-------
